Match 45959805
Unlisted

Match 45959805
End
Vickers Machine Gun Team
Selects Heavy Armor Battlegroup
Construct Section Command Post
Infantry Section
ML 3-inch Mortar Team
Grenade Package
Infantry Section
Selects Rigorous Vehicle Training
Construct Platoon Command Post
6-pounder Anti-tank Gun Team
Unlock M3 Stuart Light Tanks
Vickers Machine Gun Team
Selects Light Vehicle Withdraw and Refit
Selects UNKNOWN (202330)
M3 Stuart Light Tank
Royal Engineer Section
M3 Stuart Light Tank
Light Vehicle Training
6-pounder Anti-tank Gun Team
Selects Forward Repair Assembly
M3 Stuart Light Tank
Infantry Section
[GG]Quiq
MN97
0
0

Comments sign in to comment!

No comments posted yet!